 Dungeon Crawl Stone Soup version 0.24.1-14-gf8d2b509d9 (webtiles) character file.

Game seed: 10751834221649511926, levelgen mode: deterministic

669 NateTC the Covered (level 7, -4/67 HPs)
             Began as a Deep Dwarf Fighter on June 3, 2023.
             Slain by an ogre
             ... wielding a +0 giant club
              (18 damage)
             ... on level 5 of the Dungeon.
             The game lasted 00:10:31 (3218 turns).

NateTC the Covered (Deep Dwarf Fighter)             Turns: 3218, Time: 00:10:32

Health: -4/67      AC: 14    Str: 21    XL:     7   Next: 32%
Magic:  6/6        EV:  4    Int:  9    God:
Gold:   172        SH:  9    Dex: 12    Spells: 6/6 levels left

rFire    . . .     SeeInvis .   a - +0 war axe
rCold    . . .     Gourm    .   c - +0 shield
rNeg     . . .     Faith    .   i - +0 plate armour
rPois    .         Spirit   .   (no helmet)
rElec    .         Reflect  .   p - +0 cloak
rCorr    .         Harm     .   (no gloves)
MR       +....                  (no boots)
Stlth    ..........             (no amulet)
HPRegen  0.00/turn              (no ring)
MPRegen  0.10/turn              (no ring)

@: non-regenerating
A: damage resistance, heal wounds, sense surroundings 1, no regeneration
a: Heal Wounds


You were on level 5 of the Dungeon.
You were hungry.

You visited 1 branch of the dungeon, and saw 6 of its levels.
You also visited: Sewer.

You collected 172 gold pieces.

Inventory:

Hand Weapons
 a - a +0 war axe (weapon)
Armour
 b - a +0 scale mail
 c - a +0 shield (worn)
 h - a cursed +0 ring mail
 i - a +0 plate armour (worn)
 p - a +0 cloak (worn)
Scrolls
 k - a scroll of fog
 m - 3 scrolls of teleportation
 s - a scroll of magic mapping
Potions
 d - a potion of might
 e - a potion of haste
 g - 4 potions of curing
 j - a potion of heal wounds {unknown}
 l - a potion of resistance {unknown}
 n - a potion of lignification {unknown}
 o - 2 potions of degeneration {unknown}
 q - a potion of flight {unknown}
 r - a potion of mutation {unknown}
 t - a potion of ambrosia {unknown}
Comestibles
 f - 6 rations


   Skills:
 - Level 5.0 Fighting
 + Level 5.4 Axes
 * Level 6.1 Armour
 - Level 3.2 Shields


You had 6 spell levels left.
You didn't know any spells.
Your spell library contained the following spells:

 Spells                   Type           Power        Failure   Level  Hunger
 Magic Dart               Conj           #...         100%        1    ##.....
 Blink                    Tloc           N/A          100%        2    ###....
 Call Imp                 Summ           #.......     100%        2    ###....
 Slow                     Hex            #.......     100%        2    ###....
 Conjure Flame            Conj/Fire      #.......     100%        3    ####...
 Mephitic Cloud           Conj/Pois/Air  #.......     100%        3    ####...


Dungeon Overview and Level Annotations

Branches:
Dungeon (6/15)              Sewer (visited)
 Temple: D:4-7

Altars:

Annotations:
D:5 Prince Ribbit


Innate Abilities, Weirdness & Mutations

You are resistant to damage.
You can heal yourself by infusing magical energy.
You passively map a small area around you.
You do not regenerate.


Message History

Search for what [Enter for "amor", or ? for help]? armor Search for what [Enter for "armor", or ? for help]? axe You now have 172 gold pieces (gained 9).
You are feeling hungry.
You open the door.
An ogre comes into view. It is wielding a +0 giant club.
The ogre shouts!
There is an open door here.
You closely miss the ogre. You block the ogre's attack.
You hit the ogre.
The ogre is lightly wounded.
The ogre hits you with a +0 giant club!
Your shield and plate armour prevent you from hitting the ogre.
The ogre is lightly wounded.
The ogre hits you with a +0 giant club!
* * * LOW HITPOINT WARNING * * *
Okay, then.
You fail to use your ability.
The ogre hits you with a +0 giant club!!
You die...

* * #.##.##. , #####
** #.##.##. * ,....,
, ,, ,#.<#.##.
#...#############.##.
* * ,
#...#...........#.##.
#...#.#########.#.##.
#...#.# #.#.##.
#.##..O#.# #.#.##.
,.......@.# #.#....
.......### #.##### *
....... #......
.......* #######
...#### ,,* #+ * * *
, , * *,


You could see an ogre.

Vanquished Creatures
  Sigmund (D:5)
  A scorpion (D:4)
  2 howler monkeys
  A centaur skeleton (D:4)
  Crazy Yiuf (D:3)
  A bullfrog skeleton (D:3)
  2 worker ants
  A worker ant zombie (D:4)
  5 river rats (Sewer)
  9 adders
  3 worms
  9 leopard geckos
  8 orcs
  3 giant cockroaches
  8 goblins
  10 hobgoblins
  7 jackals
  3 ball pythons
  4 bats
  13 frilled lizards
  A giant cockroach zombie (D:5)
  8 kobolds
  5 rats
106 creatures vanquished.

Notes
Turn   | Place    | Note
-------+----------+-------------------------------------------
     0 | D:1      | NateTC the Deep Dwarf Fighter began the quest for the Orb.
     0 | D:1      | Reached XP level 1. HP: 20/20 MP: 1/1
   111 | D:1      | Reached XP level 2. HP: 23/28 MP: 2/2
   658 | D:2      | Reached XP level 3. HP: 29/34 MP: 3/3
  1180 | D:3      | Found a glowing drain.
  1208 | Sewer    | Entered a sewer
  1242 | Sewer    | Reached XP level 4. HP: 44/44 MP: 4/4
  1415 | Sewer    | Reached XP level 5. HP: 22/51 MP: 5/5
  1890 | D:3      | Reached skill level 5 in Fighting
  2143 | D:3      | Found a runed translucent door.
  2144 | D:3      | Noticed Crazy Yiuf
  2150 | D:3      | Killed Crazy Yiuf
  2393 | D:4      | Reached XP level 6. HP: 49/61 MP: 5/5
  2397 | D:4      | Reached skill level 4 in Armour
  2604 | D:4      | You fall into a shaft and drop 2 floors!
  2631 | D:6      | Reached skill level 5 in Armour
  2701 | D:5      | Entered Level 5 of the Dungeon
  2701 | D:5      | Noticed Prince Ribbit
  2773 | D:5      | Noticed Sigmund
  2815 | D:5      | Killed Sigmund
  2815 | D:5      | Reached skill level 5 in Axes
  2815 | D:5      | Reached XP level 7. HP: 22/67 MP: 6/6
  3020 | D:4      | Reached skill level 6 in Armour
  3218 | D:5      | Slain by an ogre

Levels and vault maps discovered:
D:1:      enne_arrival_octagon_isle, layout_basic
D:2:      layout_loops_cross
D:3:      layout_loops_ring, portal_sewer_entry_f, uniq_crazy_yiuf_cottage
D:4:      layout_cave_pools
D:5:      layout_basic, first_ration, uniq_sigmund, uniq_edmund,
          uniq_prince_ribbit1
D:6:      layout_basic, minmay_temple_entry_proselytizer

Skill      XL: |  1  2  3  4  5  6  7 |
---------------+----------------------+-----
Fighting       | 3 4 5 |  5.0
Axes           | 3 4 5 |  5.4
Armour         | 5 6 |  6.1
Shields        | |  3.2

Action                   |  1- 3 |  4- 6 |  7- 9 || total
-------------------------+-------+-------+-------++-------
Melee: War axe           |   117 |   266 |    16 ||   399
 Abil: Heal Wounds       |     1 |     2 |     1 ||     4
  Use: Scroll            |     4 |     4 |       ||     8
       Potion            |       |     1 |       ||     1
  Eat: Chunk             |     1 |     6 |     1 ||     8
Armor: Scale mail        |    48 |       |       ||    48
       Plate armour      |    15 |   158 |     7 ||   180
Dodge: Dodged            |    28 |    35 |       ||    63
Block: Shield            |    65 |   125 |     5 ||   195
